 Dungeon Crawl Stone Soup version 0.19.1 (webtiles) character file.

618 Ice the Ducker (level 7, -4/61 HPs)
             Began as a Minotaur Berserker on Dec 10, 2016.
             Was a Priest of Trog.
             Slain by a gnoll
             ... wielding a +0 halberd
              (13 damage)
             ... on level 4 of the Dungeon.
             The game lasted 00:08:11 (2638 turns).

Ice the Ducker (Minotaur Berserker)                 Turns: 2638, Time: 00:08:11

Health: -4/61      AC:  5    Str: 22    XL:     7   Next: 21%
Magic:  6/6        EV: 13    Int:  4    God:    Trog [***...]
Gold:   196        SH:  0    Dex: 11    Spells: 0 memorised, 6 levels left

rFire  . . .     SeeInvis .     s - +0 scythe
rCold  . . .     Gourm    .     o - +0 ring mail
rNeg   . . .     Faith    .     (shield currently unavailable)
rPois  .         Spirit   .     (helmet restricted)
rElec  .         Reflect  .     (no cloak)
rCorr  .         Harm     .     (no gloves)
MR     +....                    (no boots)
Stlth  ..........               (no amulet)
                                (no ring)
                                d - ring of protection from magic (curse)

@: exhausted, slowed, glowing, very slow
A: retaliatory headbutt, horns 2
a: Berserk, Trog's Hand, Burn Spellbooks, Renounce Religion


You were on level 4 of the Dungeon.
You worshipped Trog.
Trog was most pleased with you.
You were near starving.

You visited 1 branch of the dungeon, and saw 4 of its levels.

You collected 196 gold pieces.

Inventory:

Hand Weapons
 s - a +0 scythe (weapon)
Missiles
 e - 42 stones (quivered)
 h - 47 bolts
 j - 24 sling bullets
 y - 10 arrows
Armour
 o - a +0 ring mail (worn)
Jewellery
 d - a cursed ring of protection from magic (left hand)
 i - an uncursed amulet of faith {unknown}
Wands
 v - a wand of iceblast (8/15)
Scrolls
 b - a scroll of remove curse
 g - a scroll of recharging {unknown}
 k - a scroll of enchant weapon {unknown}
 l - a scroll of noise {unknown}
 m - 4 scrolls of teleportation {unknown}
 n - 2 scrolls of amnesia {unknown}
Potions
 a - a potion of curing {unknown}
 f - 3 potions of agility
 p - 2 potions of brilliance {unknown}
 r - a potion of flight {unknown}
 w - a potion of lignification {unknown}
Comestibles
 c - 5 bread rations
 q - 2 fruits
 t - 2 meat rations
 x - a beef jerky


   Skills:
 - Level 5.0 Fighting
   Level 3.6 Maces & Flails
 + Level 5.7 Polearms
 - Level 2.4 Armour
 - Level 6.2 Dodging


You had 6 spell levels left.
You didn't know any spells.

Dungeon Overview and Level Annotations

Branches:
Dungeon (4/15)
 Temple: D:4-7

Altars:


Innate Abilities, Weirdness & Mutations

You reflexively headbutt those who attack you in melee.
You have a pair of horns on your head.


Message History

You feel your anger subside.
You are no longer berserk.
Trog's vigour flows through your veins.
You are exhausted.
You feel yourself slow down.
Your skin crawls.
You feel resistant to hostile enchantments.
You are near starving!
The gnoll closely misses you. The gnoll misses you.
You feel the effects of Trog's Hand fading.
The gnoll closely misses you. You furiously retaliate!
You headbutt the gnoll! The gnoll hits you with a club.
* * * LOW HITPOINT WARNING * * *
Your skin stops crawling.
You feel less resistant to hostile enchantments.
The gnoll hits you from afar with a halberd.
* * * LOW HITPOINT WARNING * * *
The gnoll barely misses you. The goblin closely misses you.
The gnoll hits you from afar with a halberd!
You die...

#..#######.##########........g
####..# #..............# #)#
......# #.###.#..#####.# ##g#
#####'###.# #.#..### #.# #.g#
##...##.# #......# #.# #.##
##.....#.# ###..#.# #.# #.###
##........# ##..#.###.# ##.#.##
#.....<...####.........###.....##
+...............@g.gg............
#.........###....gg######......##
##.......## #.#.#### #.....##
##.....## #.### ##...## ####...##
#.# #.### ..###+## #.# #.# #.#
#.# #.# #.# #.# # .#


You could see 4 gnolls and a goblin.

Vanquished Creatures
  Grinder (D:4)
  Sigmund (D:3)
  A water moccasin skeleton (D:4)
  A gnoll shaman (D:4)
  2 orc wizards (D:4)
  A gnoll (D:1)
  3 adders
  3 oozes
  2 dart slugs
  4 leopard geckos
  5 orcs
  6 giant cockroaches
  5 hobgoblins
  9 jackals
  A quokka (D:2)
  6 bats
  4 frilled lizards
  2 goblins (D:1)
  6 kobolds
  12 rats
75 creatures vanquished.

Notes
Turn   | Place    | Note
-------+----------+-------------------------------------------
     0 | D:1      | Ice the Minotaur Berserker began the quest for the Orb.
     0 | D:1      | Reached XP level 1. HP: 19/19 MP: 0/0
    24 | D:1      | Reached XP level 2. HP: 27/28 MP: 1/1
   122 | D:1      | Reached skill level 5 in Fighting
   231 | D:1      | Reached XP level 3. HP: 35/36 MP: 2/2
   592 | D:2      | Reached ** piety under Trog
   683 | D:2      | Reached skill level 3 in Dodging
   768 | D:2      | Reached XP level 4. HP: 42/42 MP: 3/3
  1137 | D:2      | Reached skill level 4 in Dodging
  1528 | D:3      | Noticed Sigmund
  1543 | D:3      | Killed Sigmund
  1543 | D:3      | Reached skill level 6 in Dodging
  1543 | D:3      | Reached XP level 5. HP: 33/48 MP: 4/4
  1793 | D:3      | Reached XP level 6. HP: 47/56 MP: 5/5
  1905 | D:3      | Reached *** piety under Trog
  1931 | D:3      | Reached skill level 1 in Polearms
  2279 | D:4      | Noticed Grinder
  2289 | D:4      | Killed Grinder
  2407 | D:4      | Reached XP level 7. HP: 33/61 MP: 6/6
  2408 | D:4      | Reached skill level 5 in Polearms
  2621 | D:4      | HP: 1/61 [gnoll/club (8)]
  2638 | D:4      | Slain by a gnoll

Skill      XL: |  1  2  3  4  5  6  7 |
---------------+----------------------+-----
Fighting       | 4 5 |  5.0
Dodging        | 3 6 |  6.2
Polearms       | 4 5 |  5.7
Maces & Flails | |  3.6
Armour         | |  2.4

Action                   |  1- 3 |  4- 6 |  7- 9 || total
-------------------------+-------+-------+-------++-------
Melee: Mace              |    46 |    56 |       ||   102
       Headbutt          |     9 |    12 |     1 ||    22
       Scythe            |       |    35 |    17 ||    52
Throw: Stone             |    47 |    51 |     3 ||   101
Invok: Berserk           |       |     1 |     1 ||     2
       Trog's Hand       |       |       |     1 ||     1
  Use: Scroll            |     2 |     1 |       ||     3
  Eat: Chunk             |       |     6 |       ||     6
Armor: Animal skin       |     3 |       |       ||     3
       Ring mail         |       |    28 |     4 ||    32
Dodge: Dodged            |    30 |    54 |    23 ||   107
